 Dungeon Crawl Stone Soup version 0.31-a0-795-g5eb97db20b (webtiles) character file.

Game seed: 11634509347780171958

107 Maratek the Firebug (level 4, -1/24 HPs)
             Began as a Deep Elf Fire Elementalist on Sept 18, 2023.
             Slain by a sleepcap (15 damage)
             ... on level 3 of the Dungeon.
             The game lasted 00:12:01 (3042 turns).

Maratek the Firebug (Deep Elf Fire Elementalist)    Turns: 3042, Time: 00:12:02

Health: -1/24      AC:  3    Str:  5    XL:     4   Next: 56%
Magic:  3/12       EV:  2    Int: 22    God:
Gold:   144        SH:  0    Dex: 15    Spells: 8/11 levels left

rFire   . . .        (no weapon)
rCold   . . .        (no shield)
rNeg    . . .        a - +0 robe
rPois   .            (no helmet)
rElec   .            (no cloak)
rCorr   .            (no gloves)
SInv    .            h - +0 pair of boots
Will    .....        (no amulet)
Stlth   ++           k - ring of wizardry
HPRegen 0.24/turn    f - ring of wizardry
MPRegen 0.13/turn

%: wizardry (x2)
@: sleeping
A: no striking features
a: no special abilities


You were on level 3 of the Dungeon.
You visited 1 branch of the dungeon, and saw 3 of its levels.

You collected 144 gold pieces.

Inventory:

Armour
 a - a +0 robe (worn)
 h - a +0 pair of boots (worn)
Jewellery
 f - a ring of wizardry (right hand)
 k - a ring of wizardry (left hand)
 l - a +4 ring of protection
 n - a ring of positive energy
Wands
 b - a wand of light (11)
 r - a wand of iceblast (8)
Scrolls
 i - 2 scrolls of teleportation
 m - a scroll of butterflies {unknown}
 o - a scroll of enchant weapon
 p - a scroll of torment {unknown}
 q - a scroll of poison {unknown}
Potions
 c - 2 potions of attraction
 d - 3 potions of curing
 e - a potion of resistance {unknown}
 g - 3 potions of heal wounds {unknown}
 j - a potion of brilliance {unknown}
 s - a potion of magic


   Skills:
 + Level 0.7 Fighting
 + Level 2.4 Dodging
 + Level 2.6 Stealth
 + Level 4.0 Spellcasting
 + Level 1.4 Conjurations
 + Level 5.1 Fire Magic


You had 8 spell levels left.
You knew the following spells:

 Your Spells              Type           Power      Damage    Failure   Level
a - Foxfire               Conj/Fire      72%        2x1d7     1%          1
b - Scorch                Fire           52%        2d7       1%          2

Your spell library contained the following spells:

 Spells                   Type           Power      Damage    Failure   Level
 Inner Flame              Hex/Fire       15%        N/A       3%          3
 Volatile Blastmotes      Fire/Tloc      30%        2d12      3%          3
 Flame Wave               Conj/Fire      18%        2d7       8%          4


Dungeon Overview and Level Annotations

Branches:
Dungeon (3/15)

Altars:
Qazlal
Ru


Message History

Press: ? - help, Q - select action, (/) - cycle Dir - look around, f - activate Flames lash the adder.
The adder is severely wounded.
The adder's fire resistance burns away.
The adder bites you.
You are poisoned.
The adder poisons you!
Casting: Scorch (safe; 1% risk of failure)
Press: ? - help, Q - select action, (/) - cycle Dir - look around, f - activate Flames lash the adder.
The adder is burned terribly!
You kill the adder!
You feel sick.
A sleepcap comes into view.
Your Fire Magic skill increases to level 5!
You feel sick.
You feel sick.
You feel sick.
Casting: Scorch (safe; 1% risk of failure)
Press: ? - help, Q - select action, (/) - cycle Dir - look around, f - activate Flames lash the sleepcap.
The sleepcap is moderately damaged.
The sleepcap's fire resistance burns away.
You feel sick.
You are no longer poisoned.
The sleepcap completely misses you.
Casting: Scorch (safe; 1% risk of failure)
Press: ? - help, Q - select action, (/) - cycle Dir - look around, f - activate Flames lash the sleepcap.
The sleepcap is burned terribly!
The sleepcap is heavily damaged.
The sleepcap misses you.
Casting: Scorch (safe; 1% risk of failure)
Press: ? - help, Q - select action, (/) - cycle Dir - look around, f - activate Flames lash the sleepcap.
The sleepcap is heavily damaged.
The sleepcap releases spores at you.
You are engulfed in a cloud of soporific spores!
You fall asleep.
The sleepcap releases spores at you!
Ouch! That really hurt!
You die...

#.########## #...........#
#...........# #...........# #####
#.†.........+ ..... #..........#
..... +..........+ ..... ###+#
#..........# ..... ....#
#...@......# ..... ....
#....f.....# [....
...##########.§§.......# .....
.).†.............§.§.............
PPP..≈≈§≈.._..≈§≈≈.§PPPP.........
.................§...............
........#.<......########........
......#.#........# #........
......#..........# #........


You could see a sleepcap (combustible).

Vanquished Creatures
  2 adders (D:3)
  2 worms (D:2)
  2 dart slugs
  3 bats
  7 endoplasms
  4 giant cockroaches
  12 goblins
  7 hobgoblins
  7 jackals
  6 ball pythons
  5 frilled lizards
  7 kobolds
  6 rats
70 creatures vanquished.

Vanquished Creatures (others)
  51 foxfires
51 creatures vanquished.

Grand Total: 121 creatures vanquished

Notes
Turn   | Place    | Note
-------+----------+-------------------------------------------
     0 | D:1      | Maratek the Deep Elf Fire Elementalist began the quest for
                  | the Orb.
     0 | D:1      | Reached XP level 1. HP: 10/10 MP: 6/6
   361 | D:1      | Reached XP level 2. HP: 15/15 MP: 2/8
   768 | D:1      | Reached skill level 4 in Fire Magic
   776 | D:1      | Learned a level 2 spell: Scorch
  1137 | D:1      | Reached XP level 3. HP: 2/20 MP: 0/9
  1972 | D:2      | Found a stormy altar of Qazlal.
  2228 | D:2      | Reached XP level 4. HP: 23/24 MP: 0/11
  2398 | D:2      | Found a faded altar of an unknown god.
  2906 | D:3      | Found a sacrificial altar of Ru.
  3036 | D:3      | Reached skill level 5 in Fire Magic
  3042 | D:3      | Slain by a sleepcap

Illustrated notes

Levels and vault maps discovered:
D:1:      mrwooster_arrival_statue, layout_loops_ring
D:2:      layout_loops_cross, ebering_ecumenical_altar_rust, basic_altar,
          minmay_tall_x
D:3:      layout_basic, mainiacjoe_overflow_boulevard

Skill      XL: |  1  2  3  4 |
---------------+-------------+-----
Fire Magic     | 4 5 |  5.1
Spellcasting   | 4 |  4.0
Fighting       | |  0.7
Dodging        | |  2.4
Stealth        | |  2.6
Conjurations   | |  1.4

Action                     |  1- 3 |  4- 6 || total
---------------------------+-------+-------++-------
  Melee: Unarmed           |    30 |       ||    30
   Cast: Foxfire           |    54 |       ||    54
         Scorch            |    41 |    24 ||    65
    Use: Scroll            |     3 |     1 ||     4
         Potion            |     1 |       ||     1
 Armour: Robe              |    69 |     5 ||    74
  Dodge: Dodged            |    64 |     2 ||    66

Table legend: (Time is in decaauts)
 A = Elapsed time spent in this place.
 B = Non-inter-level travel time spent in this place.
 C = Inter-level travel time spent in this place.
 D = Time resting spent in this place.
 E = Time spent auto-exploring this place.
 F = Levels seen in this place.
 G = Mean time per level.
                   A        B        C        D        E       F      G
               +--------+--------+--------+--------+--------+-----+--------+
         Total |   3040 |   2998 |     42 |    293 |   2009 |   3 | 1013.3 |
       Dungeon |   3040 |   2998 |     42 |    293 |   2009 |   3 | 1013.3 |
               +--------+--------+--------+--------+--------+-----+--------+

Top non-repeatable levels by time:
     D:1: 1318 daAuts
     D:2: 1225 daAuts
     D:3: 496 daAuts
